 Dungeon Crawl Stone Soup version 0.23.2 (webtiles) character file.

Game seed: 680271314275507691

171 Fang the Skirmisher (level 5, 0/34 HPs)
             Began as a Gargoyle Berserker on Apr 3, 2019.
             Was a Believer of Trog.
             Slain by a worm (4 damage)
             ... on level 2 of the Dungeon.
             The game lasted 00:01:39 (918 turns).

Fang the Skirmisher (Gargoyle Berserker)             Turns: 918, Time: 00:01:39

Health: 0/34       AC: 13    Str: 22    XL:     5   Next: 51%
Magic:  5/5        EV:  8    Int:  7    God:    Trog [**....]
Gold:   32         SH:  0    Dex:  9    Spells: 4/4 levels left

rFire    . . .     SeeInvis .   a - +0 hand axe
rCold    . . .     Gourm    .   (no shield)
rNeg     + . .     Faith    .   b - +0 chain mail
rPois    ∞         Spirit   .   (no helmet)
rElec    +         Reflect  .   (no cloak)
rCorr    .         Harm     .   (no gloves)
MR       .....                  (no boots)
Stlth    ..........             (no amulet)
HPRegen  0.11/turn              (no ring)
MPRegen  0.09/turn              (no ring)

@: berserk cooldown, slowed, very slow
A: negative energy resistance 1, electricity resistance, unbreathing,
petrification resistance, rot immunity, AC +4
a: Berserk, Trog's Hand, Renounce Religion


You were on level 2 of the Dungeon.
You worshipped Trog.
Trog was pleased with you.
You were very hungry.

You visited 1 branch of the dungeon, and saw 3 of its levels.

You collected 32 gold pieces.

Inventory:

Hand Weapons
 a - a +0 hand axe (weapon)
Armour
 b - a +0 chain mail (worn)
Scrolls
 h - a scroll of blinking {unknown}
 j - a scroll of remove curse
 k - 2 scrolls of identify {unknown}
 m - a scroll of immolation {unknown}
Potions
 d - a potion of magic {unknown}
 e - 2 potions of curing {unknown}
 g - a potion of ambrosia {unknown}
 i - a potion of heal wounds {unknown}
 l - a potion of might {unknown}
Comestibles
 c - 5 rations
 f - a chunk of flesh


   Skills:
 + Level 4.3 Fighting
 + Level 3.5 Axes
 + Level 3.5 Armour
 + Level 2.6 Dodging


You had 4 spell levels left.
You didn't know any spells.
Your spell library was empty.

Dungeon Overview and Level Annotations

Branches:
Dungeon (3/15)

Altars:
Okawaru


Innate Abilities, Weirdness & Mutations

You are resistant to torment.
Your stone body is resilient. (AC +4)
You are immune to poison.
You resist negative energy. (rN+)
You are resistant to electric shocks. (rElec)
You can survive without breathing.
You are immune to petrification.
You are immune to rotting.


Message History

You are exhausted.
You feel yourself slow down.
There is a stone staircase leading up here.
You climb upwards.
There is a stone staircase leading down here.
You hit the worm.
The worm is moderately wounded.
The worm bites you. x2
* * * LOW HITPOINT WARNING * * *
You slash the worm!
The worm is severely wounded.
The worm bites you.
* * * LOW HITPOINT WARNING * * *
You barely miss the worm.
The worm is severely wounded.
The worm bites you but does no damage.
You hit the worm.
The worm is severely wounded.
The worm bites you.
You die...

#.# ###.##.######... #.#
#.##.######... #.#
##.....##....#. #.#
#.........###.. #.##
#.######..#...# #.)# ##.#
#.....###
##.###..#####.#.#####
####>##...........###.#
######.....@.#.#####....##..
##......##..w##.# ###.##.##..
##..######.......###...##.....
#..## #......##...#######..
#.##### #......##.### ##..
#.....####......#..# #...
#####.............##### #...
###...............#####...
#.........#####.........


You could see a worm.

Vanquished Creatures
  An orc priest (D:3)
  An orc wizard (D:3)
  6 adders
  A worm (D:2)
  A dart slug (D:1)
  A leopard gecko (D:1)
  3 orcs (D:3)
  3 bats
  2 giant cockroaches
  6 goblins
  8 hobgoblins
  3 jackals (D:2)
  A quokka (D:2)
  A frilled lizard (D:1)
  7 kobolds
  5 rats
50 creatures vanquished.

Notes
Turn   | Place    | Note
-------+----------+-------------------------------------------
     0 | D:1      | Fang the Gargoyle Berserker began the quest for the Orb.
     0 | D:1      | Reached XP level 1. HP: 14/14 MP: 1/1
    63 | D:1      | Reached XP level 2. HP: 13/19 MP: 2/2
   241 | D:1      | Reached XP level 3. HP: 23/23 MP: 3/3
   246 | D:1      | Reached ** piety under Trog
   253 | D:1      | Found an iron altar of Okawaru.
   442 | D:2      | Reached XP level 4. HP: 22/29 MP: 4/4
   668 | D:2      | Reached skill level 4 in Fighting
   903 | D:3      | Reached XP level 5. HP: 20/33 MP: 5/5
   918 | D:2      | Slain by a worm

Skill      XL: |  1  2  3  4 |
---------------+-------------+-----
Axes           | 3 |  3.5
Dodging        | 2 |  2.6
Armour         | 3 |  3.5
Fighting       | 4 |  4.3

Action                   |  1- 3 |  4- 6 || total
-------------------------+-------+-------++-------
Melee: Hand axe          |    80 |    64 ||   144
Invok: Berserk           |     1 |     1 ||     2
  Use: Scroll            |       |     1 ||     1
  Eat: Chunk             |       |     1 ||     1
Armor: Animal skin       |     3 |       ||     3
       Chain mail        |    57 |    37 ||    94
Dodge: Dodged            |    50 |    43 ||    93
